 Dungeon Crawl Stone Soup version 0.17-a0-854-g4a4ba72 (webtiles) character file.

49 FedoraBrony69 the Skirmisher (level 3, -1/33 HPs)
             Began as a Minotaur Berserker on Apr 28, 2015.
             Was a Believer of Trog.
             Slain by an orc
             ... wielding a +0 flail
              (7 damage)
             ... while paralysed by Grinder
             ... on level 3 of the Dungeon.
             The game lasted 00:01:34 (1610 turns).

FedoraBrony69 the Skirmisher (Minotaur Berserker)   Turns: 1610, Time: 00:01:34

Health: -1/33      AC:  4    Str: 22    XL:     3   Next: 51%
Magic:  2/2        EV:  2    Int:  4    God:    Trog [**....]
Gold:   127        SH:  0    Dex:  9    Spells: 0 memorised, 2 levels left

rFire  . . .     SeeInvis .     f - +1 spear (venom)
rCold  . . .     Clarity  .     b - +0 animal skin
rNeg   . . .     SustAb   .     (no shield)
rPois  .         Gourm    .     (helmet restricted)
rElec  .         Spirit   .     r - +1 cloak
rCorr  .         Warding  .     (no gloves)
rMut   .         Stasis   .     (no boots)
MR     .....                    (no amulet)
Stlth  +.........               (no ring)
                                (no ring)

@: paralysed, not resistant to hostile enchantments, very unstealthy
A: retaliatory headbutt, horns 2
a: Burn Spellbooks, Berserk, Trog's Hand, Renounce Religion


You were on level 3 of the Dungeon.
You worshipped Trog.
Trog was pleased with you.
You were not hungry.

You visited 1 branch of the dungeon, and saw 3 of its levels.

You collected 127 gold pieces.

Inventory:

Hand weapons
 a - a +0 mace
 f - a +1 spear of venom (weapon)
Armour
 b - a +0 animal skin (worn)
 r - a +1 cloak (worn)
Scrolls
 e - 2 scrolls of identify {unknown}
 g - 2 scrolls of enchant armour {unknown}
 h - a scroll of teleportation {unknown}
 m - a scroll of enchant weapon {unknown}
 n - a scroll of remove curse {unknown}
 o - a scroll of recharging {unknown}
 p - a scroll of noise {unknown}
Potions
 d - a potion of cancellation {unknown}
 j - a potion of agility {unknown}
 k - a potion of degeneration {unknown}
 l - 3 potions of curing {unknown}
 q - 2 potions of poison {unknown}
 t - a potion of ambrosia {unknown}
Comestibles
 c - a bread ration
 i - a beef jerky
 s - 2 chunks of flesh


   Skills:
 + Level 4.3 Fighting
 + Level 4.2 Maces & Flails
 + Level 3.5 Armour
 - Level 2.1 Dodging


You had 2 spell levels left.
You didn't know any spells.

Dungeon Overview and Level Annotations

Branches:
Dungeon (3/15)

Altars:

Annotations:
D:3 Grinder


Innate Abilities, Weirdness & Mutations

You reflexively headbutt those who attack you in melee.
You have a pair of horns on your head.


Message History

You suddenly lose the ability to move!
Grinder gestures.
Grinder blinks!
You can move again.
You hit Grinder but do no damage. Grinder hits you but does no damage.
Grinder hits you but does no damage. The orc closely misses you.
You hit Grinder.
Grinder is lightly wounded.
Grinder gestures.
Grinder blinks!
The orc barely misses you.
You hit the orc but do no damage. Grinder gestures at you.
You suddenly lose the ability to move!
The orc hits you with a flail! Grinder hits you! Grinder hits you.
You writhe in agony.
The orc hits you with a flail.
* * * LOW HITPOINT WARNING * * *
Grinder gestures.
Grinder blinks!
The orc hits you with a flail!
You die...

........ .......
+..... #....# #..[.# #
#####....# .####.
......5...##......
#....#o.......
##'#.@ยง......#
#.####.##.#..
#########.#.....#
#......##.#.....###
#......##........... .
#......####....####.
#.. #......#
#.......... #..
#......# ##...#####
#..
###......#####...#####
#..


You could see Grinder and an orc.

Vanquished Creatures
  2 adders
  A worm (D:2)
  A ball python (D:2)
  A giant cockroach (D:1)
  3 hobgoblins
  A quokka (D:2)
  2 bats
  A giant gecko (D:2)
  3 giant newts
  2 goblins (D:2)
  4 jackals (D:1)
  5 kobolds
  4 rats
30 creatures vanquished.

Notes
Turn   | Place    | Note
--------------------------------------------------------------
     0 | D:1      | FedoraBrony69, the Minotaur Berserker, began the quest for the Orb.
     0 | D:1      | Reached XP level 1. HP: 19/19 MP: 0/0
   232 | D:1      | Reached XP level 2. HP: 27/27 MP: 1/1
   986 | D:2      | Reached skill level 4 in Fighting
  1104 | D:2      | Acquired Trog's second power
  1367 | D:2      | Reached XP level 3. HP: 33/33 MP: 2/2
  1598 | D:3      | Noticed Grinder
  1601 | D:3      | Paralysed by Grinder for 4 turns
  1607 | D:3      | Paralysed by Grinder for 6 turns
  1610 | D:3      | Slain by an orc

Action                   || total
-------------------------++-------
Melee: Mace              ||     9
       Spear             ||    66
  Eat: Chunk             ||     2
